 Dungeon Crawl Stone Soup version 0.31-a0-858-g469dc525a8 (webtiles) character file.

Game seed: 5718901192189441801

163 BritishOli the Trooper (level 5, 42/42 HPs)
             Began as a Demonspawn Fighter on Oct 9, 2023.
             Got out of the dungeon alive.
             The game lasted 00:01:34 (1942 turns).

BritishOli the Trooper (Demonspawn Fighter)         Turns: 1942, Time: 00:01:34

Health: 42/42      AC:  6    Str: 18    XL:     5   Next: 20%
Magic:  5/5        EV:  9    Int: 10    God:
Gold:   191        SH:  4    Dex: 12    Spells: 4/4 levels left

rFire   . . .        a - +0 war axe
rCold   . . .        c - +0 buckler
rNeg    . . .        b - +0 scale mail
rPois   .            (no helmet)
rElec   .            (no cloak)
rCorr   .            (no gloves)
SInv    .            (no boots)
Will    .....        (no amulet) Stlth
                     (no ring)
HPRegen 0.27/turn    (no ring)
MPRegen 0.18/turn

%: no passive effects
@: no status effects
A: foul stench 3, magic regeneration
a: no special abilities


You escaped.
You visited 1 branch of the dungeon, and saw 3 of its levels.

You collected 191 gold pieces.

Inventory:

Hand Weapons
 a - a +0 war axe (weapon)
Armour
 b - a +0 scale mail (worn)
 c - a +0 buckler (worn)
Jewellery
 h - a ring of resist corrosion
Scrolls
 e - a scroll of identify {unknown}
 g - 4 scrolls of teleportation {unknown}
 j - a scroll of blinking {unknown}
 k - a scroll of revelation {unknown}
 l - a scroll of vulnerability {unknown}
Potions
 d - a potion of might
 f - 2 potions of brilliance {unknown}
 i - a potion of lignification {unknown}
 m - a potion of invisibility {unknown}


   Skills:
 + Level 3.9 Fighting
 + Level 2.9 Axes
 + Level 3.5 Armour
 + Level 3.5 Shields


You had 4 spell levels left.
You didn't know any spells.
Your spell library contained the following spells:

 Spells                   Type           Power      Damage    Failure   Level
 Magic Dart               Conj           0%         1d3       83%         1
 Call Imp                 Summ           0%         N/A       92%         2
 Mephitic Cloud           Conj/Pois/Air  0%         N/A       99%         3
 Summon Guardian Golem    Hex/Summ       0%         N/A       99%         3
 Orb of Destruction       Conj           0%         9d5       100%        7
 Spellforged Servitor     Conj/Summ      0%         N/A       100%        7


Dungeon Overview and Level Annotations

Branches:
Dungeon (3/15)

Altars:

Shops:
D:1 :


Innate Abilities, Weirdness & Mutations

You frequently emit foul miasma when damaged in melee.
You regenerate magic rapidly.


Message History

You barely miss the rat. You block the rat's attack.
A rat is nearby!
You completely miss the rat.
The rat bites you but does no damage. x2
A rat is nearby!
You completely miss the rat. The rat closely misses you.
A rat is nearby!
You hit the rat.
You kill the rat!
Found an escape hatch in the floor.
No target in view!
m - an amethyst potion No target in view!
A frilled lizard comes into view.
The frilled lizard hisses angrily.
Found a plate armour.
The frilled lizard barely misses you.
You hit the frilled lizard.
You kill the frilled lizard!
No target in view!
No target in view!
You see here a +0 ring mail.
Things that are here:
a +0 troll leather armour {Pargi}; the troll skeleton of Pargi You see here a +0 dagger.
There is a stone staircase leading up here.
You climb upwards.
There is a stone staircase leading down here.
There is a stone staircase leading up here.
You climb upwards.
There is a stone staircase leading down here.
Okay, then.
There is a staircase leading out of the dungeon here.
Alright, then stay!
Unknown command.
Unknown command.
Unknown command.
Okay, then.
Alright, then stay!
Unknown command.
You have escaped!

.∩.....#####################.#
...............#.............#
...............#.#############
################.#
.................#
##################
....##♣#♣#♣#♣#♣###
.................#
....#.......♣♣..@#
.................#
######♣#♣#♣#♣#♣###


There were no monsters in sight!

Vanquished Creatures
  Pargi (D:3)
  An adder (D:2)
  2 worms (D:2)
  2 dart slugs (D:2)
  3 ball pythons (D:2)
  5 endoplasms
  6 hobgoblins
  11 jackals (D:1)
  8 bats
  2 frilled lizards
  2 goblins
  2 kobolds
  2 rats
47 creatures vanquished.

Notes
Turn   | Place    | Note
-------+----------+-------------------------------------------
     0 | D:1      | BritishOli the Demonspawn Fighter began the quest for the
                  | Orb.
     0 | D:1      | Reached XP level 1. HP: 18/18 MP: 1/1
    18 | D:1      | Found Tawaol's Book Emporium.
   109 | D:1      | Gained mutation: You may rarely emit foul miasma when
                  | damaged in melee. [demonic ancestry]
   109 | D:1      | Reached XP level 2. HP: 19/24 MP: 2/2
   634 | D:1      | Gained mutation: You sometimes emit foul miasma when
                  | damaged in melee. [demonic ancestry]
   634 | D:1      | Reached XP level 3. HP: 29/29 MP: 3/3
  1587 | D:3      | Noticed Pargi
  1601 | D:3      | HP: 1/29 [Pargi (2)]
  1602 | D:3      | Killed Pargi
  1603 | D:3      | Gained mutation: You frequently emit foul miasma when
                  | damaged in melee. [demonic ancestry]
  1603 | D:3      | Reached XP level 4. HP: 2/37 MP: 4/4
  1603 | D:3      | Gained mutation: You regenerate magic rapidly. [demonic
                  | ancestry]
  1603 | D:3      | Reached XP level 5. HP: 2/42 MP: 5/5
  1942 | D:$      | Got out of the dungeon alive.

Illustrated notes

Levels and vault maps discovered:
D:1:      minmay_arrival_plants_in_alcoves, layout_basic, serial_shops, shop,
          palyth_stone_intersect
D:2:      layout_loops_cross
D:3:      layout_loops_corners, gammafunk_ghost_smash, minmay_misc_feat_five,
          uniq_natasha, uniq_pargi, uniq_ijyb

Skill      XL: |  1  2 |
---------------+-------+-----
Axes           | 2 |  2.9
Shields        | 3 |  3.5
Armour         | 3 |  3.5
Fighting       | |  3.9

Action                     |  1- 3 |  4- 6 || total
---------------------------+-------+-------++-------
  Melee: War axe           |   128 |     7 ||   135
 Armour: Scale mail        |   126 |     3 ||   129
  Dodge: Dodged            |    89 |     2 ||    91
  Block: Buckler           |    38 |     1 ||    39

Table legend: (Time is in decaauts)
 A = Elapsed time spent in this place.
 B = Non-inter-level travel time spent in this place.
 C = Inter-level travel time spent in this place.
 D = Time resting spent in this place.
 E = Time spent auto-exploring this place.
 F = Levels seen in this place.
 G = Mean time per level.
                   A        B        C        D        E       F      G
               +--------+--------+--------+--------+--------+-----+--------+
         Total |   2000 |   1875 |    125 |    241 |   1315 |   3 |  666.7 |
       Dungeon |   2000 |   1875 |    125 |    241 |   1315 |   3 |  666.7 |
               +--------+--------+--------+--------+--------+-----+--------+

Top non-repeatable levels by time:
     D:1: 866 daAuts
     D:2: 792 daAuts
     D:3: 341 daAuts
